 Dungeon Crawl Stone Soup version 0.17.1-1-g73c8601 (webtiles) character file.

191 Sparrow the Skirmisher (level 5, -1/47 HPs)
             Began as a Hill Orc Fighter on Dec 13, 2015.
             Slain by a gnoll
             ... wielding a +2 halberd of chopping
              (3 damage)
             ... on level 3 of the Dungeon.
             The game lasted 00:17:10 (1986 turns).

Sparrow the Skirmisher (Hill Orc Fighter)           Turns: 1986, Time: 00:17:10

Health: -1/47      AC:  7    Str: 20    XL:     5   Next: 70%
Magic:  5/5        EV:  9    Int:  8    God:
Gold:   103        SH:  9    Dex: 10    Spells: 0 memorised, 4 levels left

rFire  x . .     SeeInvis .     a - +0 war axe
rCold  + . .     Clarity  .     n - +0 ring mail (curse)
rNeg   . . .     SustAt   .     c - +0 shield
rPois  .         Gourm    .     g - +0 helmet
rElec  .         Spirit   .     (no cloak)
rCorr  .         Warding  .     (no gloves)
rMut   +         Stasis   .     (no boots)
MR     .....                    t - amulet of resist mutation
Stlth  +.........               (no ring)
                                p - ring of ice

@: not resistant to hostile enchantments, very unstealthy
A: no striking features
a: no special abilities


You were on level 3 of the Dungeon.
You were not hungry.

You visited 1 branch of the dungeon, and saw 3 of its levels.

You collected 103 gold pieces.

Inventory:

Hand Weapons
 a - a +0 war axe (weapon)
 h - a +0 dagger
 k - a +0 spear
 r - a +0 short sword
 x - a +0 mace
 z - a +0 hunting sling
 A - a +0 trident
Armour
 b - a +0 scale mail
 c - a +0 shield (worn)
 g - a +0 helmet (worn)
 n - a cursed +0 ring mail (worn)
 q - a +0 chain mail
 y - a +0 scale mail
 B - a +1 chain mail of magic resistance
 E - a +0 robe
Jewellery
 p - a ring of ice (left hand)
 t - an amulet of resist mutation (around neck)
Wands
 i - a wand of invisibility (4)
 j - a wand of confusion (18)
Scrolls
 f - a scroll of enchant armour {unknown}
 m - a scroll of random uselessness {unknown}
 u - a scroll of recharging {unknown}
 v - 5 scrolls of fear {unknown}
 w - a scroll of blinking {unknown}
Potions
 d - a potion of poison {unknown}
 l - a potion of agility {unknown}
 C - a potion of cancellation {unknown}
 D - a potion of curing
Comestibles
 e - 3 bread rations
 o - a slice of pizza
 s - 2 fruits


   Skills:
 * Level 4.6 Fighting
 * Level 3.9 Axes
 + Level 4.0 Armour
 * Level 2.2 Dodging
 + Level 0.5 Stealth
 * Level 3.8 Shields


You had 4 spell levels left.
You didn't know any spells.

Dungeon Overview and Level Annotations

Branches:
Dungeon (3/15)

Altars:


Message History

You slash the gnoll!
The gnoll is severely wounded.
The gnoll closely misses you. You block the gnoll's attack.
The gnoll hits you from afar with a halberd of chopping.
* * * LOW HITPOINT WARNING * * *
x2 The gnoll hits you with a whip.
* * * LOW HITPOINT WARNING * * *
Drink which item? (? for menu, Esc to quit)
You feel better. The gnoll hits you but does no damage.
You hit the gnoll but do no damage.
The gnoll is heavily wounded.
The gnoll hits you from afar with a halberd of chopping.
* * * LOW HITPOINT WARNING * * *
x2 The gnoll barely misses you.
You hit the gnoll.
You kill the gnoll!
You block the gnoll's attack. The gnoll hits you but does no damage.
The gnoll hits you from afar with a halberd of chopping!
* * * LOW HITPOINT WARNING * * *
You die...

..... .#.
#...#... #...#.#
.s...##.#
##.......# #.<.#
### ## #...#
.....#.##g..####
.......@)....<.#
.......##.####...
....... #.# ..
....... #.# .
.....#. #.#
####.#. #.. # #.
### #.


You could see a gnoll.

Vanquished Creatures
  Jessica (D:2)
  Terence (D:2)
  Robin (D:2)
  5 adders
  3 gnolls (D:3)
  An ooze (D:2)
  A giant gecko (D:1)
  An orc (D:2)
  4 giant cockroaches
  6 hobgoblins
  4 kobolds
  A quokka (D:2)
  4 bats
  3 giant newts
  15 goblins
  5 rats
56 creatures vanquished.

Notes
Turn   | Place    | Note
--------------------------------------------------------------
     0 | D:1      | Sparrow the Hill Orc Fighter began the quest for the Orb.
     0 | D:1      | Reached XP level 1. HP: 19/19 MP: 1/1
   342 | D:1      | Reached skill level 4 in Fighting
   342 | D:1      | Reached XP level 2. HP: 24/27 MP: 2/2
   675 | D:2      | Noticed Robin
   697 | D:2      | Reached XP level 3. HP: 12/33 MP: 3/3
   704 | D:2      | HP: 2/49 [poisoned by an adder]
   705 | D:2      | Reached skill level 1 in Dodging
   709 | D:2      | Killed Robin
   709 | D:2      | Reached XP level 4. HP: 8/40 MP: 4/4
  1411 | D:2      | Noticed Terence
  1436 | D:2      | Killed Terence
  1614 | D:2      | Reached XP level 5. HP: 36/47 MP: 5/5
  1728 | D:2      | Noticed Jessica
  1746 | D:2      | Killed Jessica
  1986 | D:3      | HP: 2/47 [gnoll/halberd of chopping (9)]
  1986 | D:3      | Slain by a gnoll

Action                   |  1- 3 |  4- 6 || total
-------------------------+-------+-------++-------
Melee: War axe           |    80 |   123 ||   203
  Use: Scroll            |     2 |       ||     2
       Potion            |     4 |     1 ||     5
  Eat: Meat ration       |       |     1 ||     1
